 Dungeon Crawl Stone Soup version 0.31.0-9-g3a7656b989 (webtiles) character file.

Game seed: 6520742618494065254

28 qw the Shooter (level 2, -2/24 HPs)
             Began as a Demigod Hunter on Feb 2, 2024.
             Slain by a cerulean imp
             ... wielding a +1 spear
             ... summoned by Natasha
              (4 damage)
             ... on level 1 of the Dungeon.
             The game lasted 00:00:02 (980 turns).

qw the Shooter (Demigod Hunter)                      Turns: 980, Time: 00:00:03

Health: -2/24      AC:  3    Str: 12    XL:     2   Next: 78%
Magic:  4/4        EV: 12    Int: 11    God:
Gold:   51         SH:  0    Dex: 17    Spells: 1/1 levels left

rFire   . . .        a - +0 shortbow
rCold   . . .        (shield currently unavailable)
rNeg    . . .        c - +0 leather armour
rPois   .            (no helmet)
rElec   .            (no cloak)
rCorr   .            (no gloves)
SInv    .            (no boots)
Will    .....        (no amulet)
Stlth   ++           (no ring)
HPRegen 0.24/turn    (no ring)
MPRegen 0.09/turn

%: no passive effects
@: no status effects
A: high MP 1, forlorn, divine attributes
a: no special abilities


You were on level 1 of the Dungeon.
You visited 1 branch of the dungeon, and saw 2 of its levels.

You collected 51 gold pieces.


Innate Abilities, Weirdness & Mutations

You have an increased reservoir of magic. (+10% MP)
You shall have no god before yourself.
Your divine heritage dramatically boosts your attributes as you level up.


   Skills:
 - Level 2.0 Fighting
 + Level 4.4 Ranged Weapons
 - Level 1.7 Dodging
 - Level 0.8 Stealth


You had one spell level left.
You didn't know any spells.
Your spell library was empty.

Inventory:

Hand Weapons
 a - a +0 shortbow (weapon)
Armour
 c - a +0 leather armour (worn)
Potions
 j - a potion of curing

Dungeon Overview and Level Annotations

Branches:
Dungeon (2/15)

Annotations:
D:1 Natasha


Message History

You shoot an arrow.
The arrow barely misses the cerulean imp.
Natasha casts a spell.
The cerulean imp barely misses you.
You shoot an arrow. The arrow hits the cerulean imp.
The cerulean imp is almost dead.
The cerulean imp hits you with a +1 spear.
970 ||| STAIRDANCE Natasha misses you.
The cerulean imp closely misses you.
You climb upwards.
The cerulean imp disappears in a puff of smoke! x2
There is a stone staircase leading down here.
You shoot an arrow. The arrow barely misses Natasha.
Natasha closely misses you. Natasha claws you!
You shoot an arrow. The arrow closely misses Natasha.
Natasha claws you.
You shoot an arrow. The arrow hits Natasha.
Natasha is heavily wounded.
Natasha claws you but does no damage.
You shoot an arrow. The arrow closely misses Natasha.
Natasha barely misses you.
You shoot an arrow. The arrow closely misses Natasha.
Natasha claws you! Natasha barely misses you.
You shoot an arrow. The arrow hits Natasha.
Natasha is heavily wounded.
Natasha zaps a wand.
You resist with significant effort.
You shoot an arrow. The arrow hits Natasha.
Natasha is almost dead.
Natasha misses you.
You shoot an arrow.
The arrow hits Natasha but does no damage.
Natasha is almost dead.
Natasha mumbles some strange words.
You shoot an arrow. The arrow barely misses Natasha.
The arrow hits the cerulean imp.
The cerulean imp is lightly wounded.
Natasha mewls in sadness.
Natasha barely misses you.
The cerulean imp hits you from afar with a +1 spear.
You die...

#....## ###.##
#####.....### #...#
........#...######.###
####....###.........# #
#......#.###..#..# #
######.#.# ##.#..# # #.#.#
#5...####### # #.#.#
#h.#.......#
#########.#.####@....####.#
#.......#.#.#...###.## #.#
#.#####.#.#.#.#.#.#.# #.#
#.#...#.#.#.#...#.#.# #.#
#.....#.#.#.##....#.# #.#
#####.#.#.#.##.####.#####.#
........#.#.............!.#
##....###.#####.####.######
##.#### #.......#....#


You could see Natasha and a cerulean imp (summoned).

Vanquished Creatures
  2 dart slugs (D:1)
  A ribbon worm (D:2)
  4 bats
  An endoplasm (D:1)
  3 giant cockroaches (D:1)
  2 goblins (D:1)
  2 hobgoblins (D:1)
  2 kobolds (D:1)
  A quokka (D:1)
  A ball python (D:1)
19 creatures vanquished.

Notes
Turn   | Place    | Note
-------+----------+-------------------------------------------
     0 | D:1      | qw the Demigod Hunter began the quest for the Orb.
     0 | D:1      | Reached XP level 1. HP: 17/17 MP: 3/3
     0 | D:1      | 0 ||| qw: Version: 0.3-a-155-g5e7d8dd
     0 | D:1      | 0 ||| qw: Game counter: 56
     0 | D:1      | 0 ||| qw: Melee chars always use a shield: true
     0 | D:1      | 0 ||| qw: God list: Okawaru
     0 | D:1      | 0 ||| qw: Allow faded altars: false
     0 | D:1      | 0 ||| qw: Do Orc after clearing Dungeon:15 true
     0 | D:1      | 0 ||| qw: Do second Lair branch before Depths: true
     0 | D:1      | 0 ||| qw: Lair rune preference: random
     0 | D:1      | 0 ||| qw: Goals: Normal
     0 | D:1      | 0 ||| PLANNING D:1-11
   134 | D:1      | Reached skill level 4 in Ranged Weapons
   190 | D:1      | Reached XP level 2. HP: 24/24 MP: 4/4
   655 | D:1      | 655 ||| READING scroll labelled JITILAH SYROO.
   656 | D:1      | 656 ||| READING 2 scrolls labelled SYN FITAQ QUCO.
   656 | D:1      | 656 ||| IDENTIFYING ruby potion
   657 | D:1      | 657 ||| READING scroll of identify.
   657 | D:1      | 657 ||| IDENTIFYING murky cyan potion
   658 | D:1      | 658 ||| READING scroll labelled EROIR UDWA LIO.
   658 | D:1      | 658 ||| ENCHANTING +0 shortbow.
   659 | D:1      | 659 ||| READING scroll labelled EXTEGE IXTE.
   663 | D:1      | 663 ||| READING scroll labelled MOUZITUUTE.
   664 | D:1      | 664 ||| DROPPING scroll of butterflies.
   665 | D:1      | 665 ||| DROPPING potion of magic.
   705 | D:2      | 705 ||| FLEEEEING.
   712 | D:2      | 712 ||| FLEEEEING.
   713 | D:2      | 713 ||| FLEEEEING.
   726 | D:2      | Noticed Natasha
   728 | D:2      | 728 ||| FLEEEEING.
   729 | D:2      | 729 ||| FLEEEEING.
   730 | D:2      | 730 ||| FLEEEEING.
   731 | D:2      | 731 ||| FLEEEEING.
   732 | D:2      | 732 ||| FLEEEEING.
   733 | D:2      | 733 ||| STAIRDANCE
   853 | D:2      | 853 ||| STAIRDANCE
   970 | D:2      | 970 ||| STAIRDANCE
   976 | D:1      | HP: 1/24 [Natasha (8)]
   980 | D:1      | Slain by a cerulean imp

Levels and vault maps discovered:
D:1:      amcnicky_arrival_double_pillar, layout_basic
D:2:      layout_rooms, uniq_natasha

Skill      XL: |  1  2 |
---------------+-------+-----
Ranged Weapons | 4 |  4.4
Fighting       | 2 |  2.0
Dodging        | |  1.7
Stealth        | |  0.8

Action                     || total
---------------------------++-------
  Melee: Unarmed           ||     9
   Fire: Shortbow          ||    77
    Use: Scroll            ||     6
 Armour: Leather armour    ||    22
         Skin              ||     3
  Dodge: Dodged            ||    35

Table legend:
 A = Non-vault XP
 B = Vault XP
 C = Vault XP percentage of total XP
 D = Non-vault monster count
 E = Vault monster count
 F = Vault count percentage of total count
                 A         B        C        D         E       F
            +---------+---------+-------+---------+---------+-------
      Total |      41 |       0 |   0.0 |      19 |       0 |   0.0
            +---------+---------+-------+---------+---------+-------
        D:1 |      36 |       0 |   0.0 |      17 |       0 |   0.0
        D:2 |       5 |       0 |   0.0 |       2 |       0 |   0.0
            +---------+---------+-------+---------+---------+-------
